 Dungeon Crawl Stone Soup version 0.32-a0-699-g1ee5eff69a (webtiles) character file.

Game seed: 253034836072898158

203 BeKind the Chiller (level 5, -10/31 HPs)
             Began as an Octopode Ice Elementalist on Mar 13, 2024.
             Mangled by Duvessa
             ... wielding a +0 short sword
              (15 damage)
             ... on level 4 of the Dungeon.
             The game lasted 00:03:29 (2541 turns).

BeKind the Chiller (Octopode Ice Elementalist)      Turns: 2541, Time: 00:03:29

Health: -10/31     AC:  1    Str:  7    XL:     5   Next: 81%
Magic:  5/9        EV: 13    Int: 25    God:
Gold:   165        SH:  0    Dex: 13    Spells: 6/10 levels left

rFire   + . .        h - +0 dagger (venom)
rCold   . . .        (no shield)
rNeg    . . .        (helmet restricted)
rPois   .            k - amulet of the acrobat
rElec   .            d - +6 ring of intelligence
rCorr   .            n - ring of protection from fire
SInv    .            (no ring)
Will    .....        (no ring)
Stlth   ++++         (no ring)
HPRegen 0.25/turn    (no ring)
MPRegen 0.11/turn    (no ring)
                     (no ring)

%: acrobat
@: freezing walls
A: almost no armour, amphibious, 8 rings, camouflage 1, gelatinous body 1,
(nimble swimmer 1), tentacles, sense surroundings 1, wild magic 1
a: no special abilities


You were on level 4 of the Dungeon.
You visited 1 branch of the dungeon, and saw 4 of its levels.

You collected 165 gold pieces.

Inventory:

Hand Weapons
 h - a +0 dagger of venom (weapon)
Missiles
 l - a throwing net
Jewellery
 d - a +6 ring of intelligence (left tentacle)
 k - an amulet of the acrobat (around mantle)
 n - a ring of protection from fire (right tentacle)
Wands
 i - a wand of charming (8)
 v - a wand of quicksilver (3)
Scrolls
 b - 2 scrolls of immolation {unknown}
 e - 2 scrolls of fear {unknown}
 f - a scroll of amnesia
 g - a scroll of revelation
 m - a scroll of vulnerability
 t - a scroll of teleportation {unknown}
 u - a scroll of poison {unknown}
Potions
 a - a potion of magic
 c - a potion of lignification {unknown}
 j - a potion of heal wounds
 o - 2 potions of enlightenment {unknown}
 p - a potion of invisibility {unknown}
 q - 3 potions of might {unknown}
 r - 2 potions of curing {unknown}
 s - a potion of cancellation {unknown}


   Skills:
 + Level 3.3 Dodging
 + Level 4.7 Stealth
 + Level 3.1 Spellcasting
 + Level 4.8 Ice Magic


You had 6 spell levels left.
You knew the following spells:

 Your Spells              Type           Power      Damage    Failure   Level
a - Freeze                Ice            100%       1d10      2%          1
b - Frozen Ramparts       Ice            72%        1d11      7%          3

Your spell library contained the following spells:

 Spells                   Type           Power      Damage    Failure   Level
 Ozocubu's Armour         Ice            36%        N/A       7%          3
 Summon Ice Beast         Ice/Summ       20%        N/A       16%         3


Dungeon Overview and Level Annotations

Branches:
Dungeon (4/15)
 Temple: D:4-7

Altars:
Cheibriados
Xom

Annotations:
D:4 Duvessa


Innate Abilities, Weirdness & Mutations

You cannot wear most types of armour.
You are amphibious.
You can wear up to eight rings at the same time.
Your skin changes colour to match your surroundings (Stealth+).
Your rubbery body absorbs attacks. (AC +1, EV +1)
((You are camouflaged when in or above water. (Stealth+)))
You have tentacles for arms and can constrict up to eight enemies at once.
You passively map a small area around you.
Your spells are a little harder to cast, but a little more powerful.


Message History

Confirm with . or Enter, or press ? or * to list all spells.
Casting: Frozen Ramparts (quite dangerous; 7% risk of failure)
Press: ? - help, Dir - look around, f - activate
Okay, then.
You release your grip on Dowan.
Dowan mumbles some strange words.
Dowan blinks!
Duvessa shouts!
You hear a shout!
Dowan casts a spell.
Dowan blinks!
A kobold comes into view.
It is wielding a +0 whip and quivering poisoned darts.
Casting: Frozen Ramparts (quite dangerous; 7% risk of failure)
Confirm with . or Enter, or press ? or * to list all spells.
Casting: Frozen Ramparts (quite dangerous; 7% risk of failure)
Press: ? - help, Dir - look around, f - activate The walls around you are covered in ice.
You kill Dowan!
Duvessa screams in rage.
Duvessa goes berserk!
The wall freezes the kobold but does no damage.
The kobold barely misses you.
You hit the kobold.
You kill the kobold!
The wall freezes Duvessa.
The wall freezes Duvessa but does no damage.
Duvessa barely misses you.
You hit Duvessa.
Duvessa is poisoned.
You grab Duvessa. You squeeze Duvessa.
Duvessa is moderately wounded.
You constrict Duvessa.
The wall freezes Duvessa.
Duvessa hits you with a +0 short sword.
You freeze Duvessa.
Duvessa is heavily wounded.
You constrict Duvessa.
The wall freezes Duvessa.
Duvessa hits you with a +0 short sword!!
Ouch! That really hurt!
* * * LOW HITPOINT WARNING * * *
The wall freezes Duvessa but does no damage.
Duvessa hits you with a +0 short sword!
You die...

, #..#.## *
...#... , ,
.......,* *
* , .....,*
* * * ....
####### , ,
, #..
#.....# ,
#..##....[#
,
,#.)@e.)...#
, *
,#.###.<...#
* ,, ..,
#.....# *
*#. #######
#. , , # * *
* * ,* , ,


You could see Duvessa (berserk, very poisoned).

Vanquished Creatures
  Dowan (D:4)
  A bombardier beetle (D:3)
  5 adders
  5 dart slugs
  A ribbon worm (D:2)
  2 orcs (D:3)
  4 endoplasms
  4 giant cockroaches
  6 goblins
  6 hobgoblins
  5 jackals
  7 kobolds
  A quokka (D:1)
  6 ball pythons
  4 bats
  4 frilled lizards
  2 rats
64 creatures vanquished.

Notes
Turn   | Place    | Note
-------+----------+-------------------------------------------
     0 | D:1      | BeKind the Octopode Ice Elementalist began the quest for
                  | the Orb.
     0 | D:1      | Reached XP level 1. HP: 11/11 MP: 3/3
   334 | D:1      | Reached XP level 2. HP: 15/17 MP: 5/5
   650 | D:1      | Reached XP level 3. HP: 18/21 MP: 6/6
  1067 | D:1      | Found a faded altar of an unknown god.
  1144 | D:2      | Gained mutation: Your spells are a little harder to cast,
                  | but a little more powerful. [potion of mutation]
  1144 | D:2      | Gained mutation: You passively map a small area around you.
                  | [potion of mutation]
  1211 | D:3      | Learned a level 3 spell: Frozen Ramparts
  1232 | D:2      | Reached XP level 4. HP: 27/27 MP: 3/7
  1966 | D:3      | Found a snail-covered altar of Cheibriados.
  2158 | D:3      | Found a shimmering altar of Xom.
  2364 | D:3      | Reached XP level 5. HP: 31/31 MP: 9/9
  2532 | D:4      | Noticed Duvessa
  2532 | D:4      | Noticed Dowan
  2538 | D:4      | Killed Dowan
  2541 | D:4      | Mangled by Duvessa

Illustrated notes

Levels and vault maps discovered:
D:1:      kennysheep_arrival_forest, layout_basic,
          shapermc_ecumenical_altar_petra
D:2:      layout_loops_ring, minmay_pentomino_p2
D:3:      layout_basic, kennysheep_slug_shrine, lemuel_coloured_pillars_altar
D:4:      layout_loops_cross, chequers_hall_statues_wall_a, uniq_duvessa

Skill      XL: |  1  2  3  4  5 |
---------------+----------------+-----
Stealth        | 3 4 |  4.7
Dodging        | 3 |  3.3
Spellcasting   | 3 |  3.1
Ice Magic      | |  4.8

Action                     |  1- 3 |  4- 6 || total
---------------------------+-------+-------++-------
  Melee: Dagger            |    72 |    63 ||   135
         Unarmed           |     4 |       ||     4
         Constrict         |    25 |    17 ||    42
         Tentacles         |    21 |    14 ||    35
   Cast: Freeze            |     3 |     1 ||     4
         Frozen Ramparts   |     1 |     1 ||     2
    Use: Potion            |     2 |       ||     2
         Scroll            |       |     3 ||     3
   Stab: Sleeping          |     1 |     5 ||     6
 Armour: Skin              |    26 |    30 ||    56
  Dodge: Dodged            |    36 |    47 ||    83

Table legend: (Time is in decaauts)
 A = Elapsed time spent in this place.
 B = Non-inter-level travel time spent in this place.
 C = Inter-level travel time spent in this place.
 D = Time resting spent in this place.
 E = Time spent auto-exploring this place.
 F = Levels seen in this place.
 G = Mean time per level.
                   A        B        C        D        E       F      G
               +--------+--------+--------+--------+--------+-----+--------+
         Total |   2539 |   2466 |     73 |     13 |   1980 |   4 |  634.8 |
       Dungeon |   2539 |   2466 |     73 |     13 |   1980 |   4 |  634.8 |
               +--------+--------+--------+--------+--------+-----+--------+

Top non-repeatable levels by time:
     D:1: 1108 daAuts
     D:2: 715 daAuts
     D:3: 707 daAuts
     D:4: 8 daAuts
